AoeStats
← A pelubi

Arabia

510223940Analyzed
1v1 RM · 2d ago on Sep 30, 2026· 18m 43s· 2 players
Game mode
Random Map
Map size
Tiny (2 player)
Population
200
Speed
Normal
Resources
Standard
Victory
Conquest
Starting age
Dark Age
Ending age
Imperial Age
RankedLock teamsTeams togetherTeam positionsShared explorationLock speedFull tech treeHidden civsTurbo modeCheats
Victory
Defeat
🇦🇷 Saracens · Argentina
1018
+16
🇧🇷 Franks · Brazil
1024
-16
A pelubi
6:50 Loom
6:54 Loom
7:22 Loom
9:54 Feudal Age
10:04 Man-at-Arms
16:01 Double-Bit Axe
bastos021
6:35 Loom
9:46 Feudal Age
10:15 Double-Bit Axe
10:05 Man-at-Arms
Connection lost

Rejoining the realm…

Still unreachable

The connection could not be restored.

Session expired

The server has moved on; the page needs a fresh start.